 Dungeon Crawl Stone Soup version 0.28.0-53-g5a82cb258f (webtiles) character file.

Game seed: 13430871281809145529

689 MiltankisOP the Skirmisher (level 7, 0/63 HPs)
             Began as a Black Draconian Conjurer on June 17, 2022.
             Succumbed to a killer bee's poison
             ... on level 4 of the Dungeon.
             The game lasted 00:10:13 (5229 turns).

MiltankisOP the Skirmisher (DrCj)                   Turns: 5229, Time: 00:10:14

Health: 0/63       AC:  6    Str: 10    XL:     7   Next: 36%
Magic:  17/22      EV: 12    Int: 20    God:
Gold:   163        SH:  0    Dex:  9    Spells: 11/14 levels left

rFire   + . .      SeeInvis .   r - +2 dagger (venom)
rCold   + . .      Faith    .   (no shield)
rNeg    . . .      Spirit   .   (armour unavailable)
rPois   .          Reflect  .   (helmet restricted)
rElec   +          Harm     .   e - scarf {rC+ rF+}
rCorr   .          Rampage  .   (no gloves)
Will    .....                   (no boots)
Stlth   ++........              (no amulet)
HPRegen 0.20/turn               n - ring of magical power
MPRegen 0.18/turn               (no ring)

@: lethally poisoned (0 -> -4), short of breath
A: breathe lightning, AC +6, unfitting armour, electricity resistance,
cold-blooded
a: Breathe Lightning


You were on level 4 of the Dungeon.
You visited 1 branch of the dungeon, and saw 4 of its levels.

You collected 163 gold pieces.

Inventory:

Hand Weapons
 q - a +0 dagger of draining
 r - a +2 dagger of venom (weapon)
Armour
 e - a scarf of resistance (worn)
Jewellery
 n - a ring of magical power (left hand)
Wands
 h - a wand of paralysis (3)
 w - a wand of acid (1)
Scrolls
 a - 3 scrolls of torment {unknown}
 b - a scroll of amnesia {unknown}
 c - 5 scrolls of identify {unknown}
 d - a scroll of holy word {unknown}
 f - a scroll of summoning {unknown}
 j - a scroll of vulnerability {unknown}
 l - a scroll of immolation {unknown}
 o - a scroll of magic mapping {unknown}
 t - a scroll of fear {unknown}
 u - a scroll of teleportation {unknown}
 y - a scroll of fog {unknown}
Potions
 g - 2 potions of heal wounds {unknown}
 i - 2 potions of curing {unknown}
 k - 2 potions of attraction {unknown}
 m - a potion of might {unknown}
 p - a potion of degeneration {unknown}
 s - a potion of brilliance {unknown}
 v - a potion of cancellation {unknown}
 x - a potion of flight {unknown}


   Skills:
 - Level 6.0 Fighting
 + Level 3.2 Dodging
 - Level 1.7 Stealth
 - Level 4.1 Spellcasting
 - Level 5.0 Conjurations


You had 11 spell levels left.
You knew the following spells:

 Your Spells              Type           Power      Damage    Failure   Level
a - Magic Dart            Conj           96%        1d7       1%          1
b - Searing Ray           Conj           48%        2d6       2%          2

Your spell library contained the following spells:

 Spells                   Type           Power      Damage    Failure   Level
 Dazzling Flash           Conj/Hex       28%        N/A       14%         3
 Blink                    Tloc           8%         N/A       19%         2
 Lesser Beckoning         Tloc           4%         N/A       36%         3
 Fulminant Prism          Conj/Hex       7%         3d7       41%         4
 Iskenderun's Mystic Bla  Conj/Tloc      14%        2d5       41%         4
 Manifold Assault         Tloc           4%         N/A       98%         5


Dungeon Overview and Level Annotations

Branches:
Dungeon (4/15)
 Temple: D:4-7

Altars:
Cheibriados

Shops:
D:3 =


Innate Abilities, Weirdness & Mutations

You can breathe wild blasts of lightning.
Your glossy black scales are hard. (AC +6)
You cannot fit into any form of body armour.
You are resistant to electric shocks. (rElec)
You are cold-blooded and may be slowed by cold attacks.


Message History

Your Dodging skill increases to level 3!
Okay, then.
Casting: Magic Dart (safe; 1% risk of failure)
Confirm with . or Enter, or press ? or * to list all spells.
Aiming: Searing Ray (safe; 2% risk of failure)
Press: ? - help, Shift-Dir - straight line, f - killer bee
Aim: a killer bee (58% to hit)
The searing ray hits the killer bee!
The killer bee is almost dead.
The searing ray misses the killer bee.
The searing ray hits the killer bee.
The killer bee is lightly wounded. (Press . to maintain the ray.)
You feel very sick. The killer bee stings you.
The killer bee barely misses you.
You feel very sick.
The killer bee stings you but does no damage.
You feel very sick.
The killer bee stings you but does no damage.
You feel sick. The killer bee barely misses you.
You feel sick. The killer bee closely misses you.
The killer bee completely misses you.
You feel sick. The killer bee stings you.
You are more poisoned.
The killer bee poisons you! The killer bee barely misses you.
You feel sick. The killer bee stings you. x2
There is an open door here.
You feel sick.
You feel sick. The killer bee stings you.
* * * LOW HITPOINT WARNING * * *
The killer bee stings you!
* * * LOW HITPOINT WARNING * * *
The killer bee stings you.
* * * LOW HITPOINT WARNING * * *
The killer bee closely misses you.
Unknown command.
Unknown command.
Okay, then.
You closely miss the killer bee.
The killer bee is lightly wounded.
You die...

#......##.....#..<.#
#..†...##.....#...[#
#'###.....#....#
##..##.....#....#
#...##.....#....# ...#....
#...##.....#....# ...#...
#....#.....#....# ...#..
#....#y....#....# ...#'###
#...yy@....#....# .......#
#...##+#####....#
.......#####+##.......#####
..÷...................#
.)....................#
...#'##...............#
...#..'.............>.#
...#..#........########
...#..#........#


You could see 3 killer bees.

Vanquished Creatures
  Eustachio (D:4)
  A centaur (D:4)
  A kobold brigand (D:4)
  Blork the orc (D:4)
  2 killer bees (D:4)
  A bullfrog skeleton (D:4)
  An orc priest (D:3)
  An iguana (D:4)
  3 gnolls
  4 adders
  An adder skeleton (D:4)
  A worm (D:2)
  4 orcs
  4 bats
  5 endoplasms
  4 giant cockroaches
  7 goblins
  5 hobgoblins
  4 jackals (D:4)
  3 quokkas
  5 ball pythons
  2 frilled lizards
  2 hobgoblin zombies (D:4)
  6 kobolds
  An orc zombie (D:4)
  7 rats
77 creatures vanquished.

Notes
Turn   | Place    | Note
-------+----------+-------------------------------------------
     0 | D:1      | MiltankisOP the Draconian Conjurer began the quest for the
                  | Orb.
     0 | D:1      | Reached XP level 1. HP: 14/14 MP: 3/3
   420 | D:1      | Reached XP level 2. HP: 4/20 MP: 1/5
  1444 | D:2      | Found a faded altar of an unknown god.
  1467 | D:1      | Reached skill level 5 in Conjurations
  1467 | D:1      | Reached XP level 3. HP: 9/26 MP: 0/6
  1923 | D:2      | Found a snail-covered altar of Cheibriados.
  2168 | D:2      | Reached XP level 4. HP: 30/33 MP: 1/8
  3052 | D:3      | Found Nuin Hon's Jewellery Shoppe.
  3336 | D:3      | Reached XP level 5. HP: 33/38 MP: 11/11
  3530 | D:4      | Noticed a centaur
  3536 | D:3      | Learned a level 2 spell: Searing Ray
  4115 | D:4      | Killed a centaur
  4116 | D:4      | Reached skill level 2 in Fighting
  4197 | D:4      | Reached skill level 3 in Fighting
  4197 | D:4      | Reached XP level 6. HP: 43/52 MP: 9/12
  4300 | D:4      | Reached skill level 4 in Fighting
  4834 | D:4      | Noticed Eustachio
  4854 | D:4      | Killed Eustachio
  4855 | D:4      | Reached skill level 5 in Fighting
  4855 | D:4      | Your scales start taking on a glossy black colour.
  4855 | D:4      | Reached XP level 7. HP: 61/62 MP: 5/13
  4855 | D:4      | Gained mutation: You are resistant to electric shocks.
                  | (rElec) [Black Draconian growth]
  4969 | D:4      | Noticed Blork the orc
  4979 | D:4      | Killed Blork the orc
  4980 | D:4      | Reached skill level 6 in Fighting
  5228 | D:4      | HP: 1/63 [killer bee (4)]
  5229 | D:4      | Succumbed to a killer bee's poison

Illustrated notes

Levels and vault maps discovered:
D:1:      saegor_arrival_under_anarchy, layout_basic
D:2:      layout_loops_corners, nicolae_ecumenical_pavilion, basic_altar,
          minmay_diced_spiral
D:3:      layout_rooms, serial_shops, nicolae_shop_statue_plus,
          kennysheep_pointless_box
D:4:      layout_gridville, grunt_temple_overflow_diamond, minmay_mini_ossuary,
          uniq_eustachio, uniq_blork_the_orc

Skill      XL: |  1  2  3  4  5  6  7 |
---------------+----------------------+-----
Conjurations   | 5 |  5.0
Spellcasting   | 3 4 |  4.1
Fighting       | 3 5 6 |  6.0
Dodging        | 3 |  3.2
Stealth        | |  1.7

Action                   |  1- 3 |  4- 6 |  7- 9 || total
-------------------------+-------+-------+-------++-------
Melee: Unarmed           |    22 |       |       ||    22
       Tailslap          |     3 |       |       ||     3
       Punch             |     1 |       |       ||     1
       Dagger            |       |       |     1 ||     1
 Cast: Magic Dart        |    59 |   106 |     9 ||   174
       Searing Ray       |       |     8 |     5 ||    13
 Abil: Breathe Lightning |       |       |     1 ||     1
Armor: Skin              |     5 |     2 |     3 ||    10
Dodge: Dodged            |    21 |    17 |     8 ||    46
